 Dungeon Crawl Stone Soup version 0.19.0-22-gd96e5fe (webtiles) character file.

406 dobroeutro the Covert (level 6, -4/30 HPs)
             Began as a Spriggan Assassin on Nov 18, 2016.
             Killed by divine providence
             ... invoked by an orc priest
              (14 damage)
             ... on level 3 of the Dungeon.
             The game lasted 00:04:20 (2400 turns).

dobroeutro the Covert (Spriggan Assassin)           Turns: 2400, Time: 00:04:20

Health: -4/30      AC:  5    Str:  8    XL:     6   Next: 56%
Magic:  7/7        EV: 20    Int: 13    God:
Gold:   124        SH:  0    Dex: 18    Spells: 0 memorised, 5 levels left

rFire  . . .     SeeInvis +     a - +3 dagger
rCold  . . .     Gourm    .     q - +2 robe {MR+}
rNeg   . . .     Faith    .     (shield restricted)
rPois  .         Spirit   .     (helmet restricted)
rElec  .         Reflect  .     d - +0 cloak
rCorr  .         Harm     .     (gloves unavailable)
MR     ++...                    (boots unavailable)
Stlth  ++++......               (no amulet)
                                (no ring)
                                (no ring)

@: very quick
A: unfitting armour, see invisible, herbivore 3, speed 3, slow metabolism 2
a: no special abilities


You were on level 3 of the Dungeon.
You were not hungry.

You visited 1 branch of the dungeon, and saw 3 of its levels.

You collected 124 gold pieces.

Inventory:

Hand Weapons
 a - a +3 dagger (weapon)
 b - a +0 blowgun
 o - a +2 falchion of electrocution
Missiles
 e - 8 poisoned needles
 f - 2 curare-tipped needles
Armour
 d - a +0 cloak (worn)
 q - a +2 robe of magic resistance (worn)
Scrolls
 i - a scroll of amnesia {unknown}
 j - a scroll of enchant weapon
 n - 3 scrolls of remove curse
Potions
 c - a potion of brilliance {unknown}
 p - 3 potions of curing {unknown}
Comestibles
 g - 2 bread rations
 h - 2 fruits
 m - 2 royal jellies


   Skills:
 - Level 1.5 Fighting
 * Level 5.1 Short Blades
 - Level 2.0 Throwing
 + Level 4.4 Dodging
 * Level 9.0 Stealth


You had 5 spell levels left.
You didn't know any spells.

Dungeon Overview and Level Annotations

Branches:
Dungeon (3/15)

Altars:
Uskayaw


Innate Abilities, Weirdness & Mutations

You are very small and have problems with some larger weapons.
You are too small for most types of armour.
You have supernaturally acute eyesight. (SInv)
You are a herbivore.
You cover ground extremely quickly.
You need consume almost no food.


Message History

You hit the orc priest but do no damage.
The orc priest is heavily wounded.
The orc priest misses you.
You hit the orc priest.
The orc priest is severely wounded.
The orc priest barely misses you.
You hit the orc priest.
The orc priest is severely wounded.
You barely miss the orc priest.
The orc priest is severely wounded.
The orc priest hits you.
You hit the orc priest but do no damage.
The orc priest is severely wounded.
The orc priest mumbles some strange prayers to Beogh against you.
Beogh smites you!
You hit the orc priest but do no damage.
The orc priest is severely wounded.
The orc priest mumbles some strange prayers to Beogh against you.
Beogh smites you!
You die...

#....^...# #........#
######.### #.# #)#
####### #.######
#.....# #.......
#######.....###.######
#..go@'.........#
#.#####.....##### #.#
#.....# #.# #.....#
#.# ####### . #o#####
.. #.....# o. #####o#
oo #.# ##


You could see an orc priest and a goblin.

Vanquished Creatures
  Sigmund (D:2)
  The ghost of Enish the Ruffian, an amateur VSTm (D:3)
  Terence (D:2)
  An orc wizard (D:3)
  5 adders
  An ooze (D:1)
  2 worms
  A dart slug (D:2)
  2 leopard geckos
  5 orcs (D:3)
  2 giant cockroaches (D:3)
  7 goblins
  9 hobgoblins
  7 jackals
  A quokka (D:3)
  4 ball pythons
  6 bats
  2 frilled lizards
  7 kobolds
  8 rats
73 creatures vanquished.

Notes
Turn   | Place    | Note
-------+----------+-------------------------------------------
     0 | D:1      | dobroeutro the Spriggan Assassin began the quest for the Orb.
     0 | D:1      | Reached XP level 1. HP: 10/10 MP: 2/2
    91 | D:1      | Reached skill level 6 in Stealth
    98 | D:1      | Reached XP level 2. HP: 10/14 MP: 3/3
   583 | D:1      | Reached XP level 3. HP: 18/18 MP: 4/4
   946 | D:2      | Noticed Terence
   952 | D:2      | Killed Terence
   952 | D:2      | Reached skill level 7 in Stealth
  1008 | D:2      | Reached XP level 4. HP: 19/22 MP: 5/5
  1065 | D:2      | Found a hide-covered altar of Uskayaw.
  1357 | D:2      | Noticed Sigmund
  1370 | D:2      | Killed Sigmund
  1370 | D:2      | Reached skill level 8 in Stealth
  1370 | D:2      | Reached XP level 5. HP: 14/25 MP: 6/6
  1606 | D:2      | Reached XP level 6. HP: 28/30 MP: 7/7
  1993 | D:3      | Noticed Enish's ghost (amateur VSTm)
  2047 | D:3      | Killed Enish's ghost
  2047 | D:3      | Reached skill level 5 in Short Blades
  2101 | D:3      | Reached skill level 9 in Stealth
  2400 | D:3      | Killed from afar by an orc priest

Skill      XL: |  1  2  3  4  5  6 |
---------------+-------------------+-----
Dodging        | 2 3 4 |  4.4
Stealth        | 6 7 8 9 |  9.0
Short Blades   | 3 4 5 |  5.1
Fighting       | |  1.5
Throwing       | |  2.0

Action                   |  1- 3 |  4- 6 || total
-------------------------+-------+-------++-------
Melee: Dagger            |    92 |   165 ||   257
       Falchion          |       |     9 ||     9
 Fire: Blowgun           |       |     6 ||     6
  Use: Scroll            |       |     5 ||     5
 Stab: Sleeping          |    14 |    10 ||    24
       Distracted        |       |     1 ||     1
Armor: Robe              |    12 |    16 ||    28
Dodge: Dodged            |    52 |   109 ||   161
       Rpst.: Falchion   |       |     2 ||     2
